 Dungeon Crawl Stone Soup version 0.28-a0-664-gc179e30c89 (webtiles) character file.

Game seed: 1284118318505421524

378 andesha the Skirmisher (level 6, -2/57 HPs)
             Began as a Minotaur Berserker on Oct 15, 2021.
             Was a Priest of Trog.
             Slain by Menkaure (16 damage)
             ... on level 4 of the Dungeon.
             The game lasted 00:08:25 (2846 turns).

andesha the Skirmisher (Minotaur Berserker)         Turns: 2846, Time: 00:08:26

Health: -2/57      AC: 13    Str: 24    XL:     6   Next: 45%
Magic:  5/5        EV:  9    Int:  4    God:    Trog [***...]
Gold:   224        SH:  0    Dex:  9    Spells: 5/5 levels left

rFire   . . .      SeeInvis .   i - +2 hand axe (flame)
rCold   . . .      Faith    .   (no shield)
rNeg    . . .      Spirit   .   h - +0 chain mail
rPois   .          Reflect  .   (helmet restricted)
rElec   .          Harm     .   a - +0 cloak
rCorr   .          Rampage  .   (no gloves)
Will    .....                   g - +1 pair of boots
Stlth   ..........              d - amulet of the acrobat
HPRegen 0.19/turn               (no ring)
MPRegen 0.09/turn               (no ring)

@: hasted and slowed
A: horns 2, retaliatory headbutt
a: Renounce Religion, Berserk, Trog's Hand


You were on level 4 of the Dungeon.
You worshipped Trog.
Trog was most pleased with you.
You visited 1 branch of the dungeon, and saw 4 of its levels.

You collected 224 gold pieces.

Inventory:

Hand Weapons
 i - a +2 hand axe of flaming (weapon)
Armour
 a - a +0 cloak (worn)
 g - a +1 pair of boots (worn)
 h - a +0 chain mail (worn)
Jewellery
 d - an amulet of the acrobat (around neck)
Scrolls
 e - a scroll of identify
Potions
 b - 3 potions of flight


   Skills:
 * Level 5.9 Fighting
 + Level 5.7 Axes
 + Level 4.8 Armour
 + Level 2.8 Dodging


You had 5 spell levels left.
You didn't know any spells.
Your spell library was empty.

Dungeon Overview and Level Annotations

Branches:
Dungeon (4/15)
 Temple: D:4-7

Altars:
Ashenzari
Makhleb
Zin

Shops:
D:4 *

Annotations:
D:4 Menkaure


Innate Abilities, Weirdness & Mutations

You have a pair of horns on your head.
You reflexively headbutt those who attack you in melee.


Message History

e - a scroll of identify
Found a glowing silver altar of Zin.
There is an entrance to Zin's Purification Station here.
There is a glowing silver altar of Zin here.
Found a stone staircase leading down.
You hear the quick rusting of a very distant drain.
There is a stone staircase leading down here.
Menkaure and Natasha come into view.
Menkaure shouts!
Natasha hisses angrily.
Natasha casts a spell at you.
You feel yourself slow down. Natasha misses you.
Menkaure calls on the powers of darkness!
Natasha convulses!
Your body is wracked with pain!
You completely miss Natasha.
Natasha is heavily wounded.
Natasha claws you.
Menkaure calls on the powers of darkness!
Natasha convulses!
Your body is wracked with pain!
* * * LOW HITPOINT WARNING * * *
You are too injured to fight recklessly!
Natasha completely misses you.
It was a potion of haste.
You feel yourself speed up.
You hear the quick rusting of a very distant drain.
Natasha claws you.
* * * LOW HITPOINT WARNING * * *
Natasha misses you.
Cleave: i) +2 hand axe (flame)
Press: ? - help, Dir - move target, f - Natasha
Aim: Natasha (severely wounded, about 44% to evade your +2 hand axe of flaming)
You slash Natasha! You burn Natasha.
You kill Natasha!
Trog accepts your kill.
Trog appreciates your killing of a magic user.
Natasha screams in pain as she dies!
Cleave: i) +2 hand axe (flame)
Press: ? - help, Dir - move target, f - Menkaure
Aim: Menkaure (about 24% to evade your +2 hand axe of flaming)
You hit Menkaure but do no damage. Menkaure hits you!
You die...

# #. #.# #.#
#. #.# #.# #.
#.# #.# ##
#.# #.# ..
#.# #.### ##
#.# #...# #.#
###.#
######.# #.#
≈ #.M@...#
#.# #
#.###### #.#
#. #.# #M #.#
#. #.# #. #.#
#. #.## #.
##########..#
...#.....#.#


You could see Menkaure.

Vanquished Creatures
  3 orc priests
  3 iron imps (D:3)
  Natasha (D:4)
  An orc wizard (D:3)
  Robin (D:4)
  3 gnolls (D:4)
  5 adders
  A white imp (D:4)
  A worm (D:3)
  A dart slug (D:3)
  4 orcs
  5 bats
  8 endoplasms
  3 giant cockroaches
  6 goblins
  10 hobgoblins
  9 kobolds
  2 quokkas
  5 ball pythons
  5 rats
77 creatures vanquished.

Notes
Turn   | Place    | Note
-------+----------+-------------------------------------------
     0 | D:1      | andesha the Minotaur Berserker began the quest for the Orb.
     0 | D:1      | Reached XP level 1. HP: 19/19 MP: 0/0
   338 | D:1      | Reached XP level 2. HP: 27/27 MP: 1/1
   898 | D:2      | Reached ** piety under Trog
   936 | D:2      | Reached XP level 3. HP: 33/33 MP: 2/2
  1534 | D:3      | Reached skill level 5 in Axes
  1534 | D:3      | Reached XP level 4. HP: 15/40 MP: 3/3
  1544 | D:3      | Reached XP level 5. HP: 17/46 MP: 4/4
  1794 | D:3      | Found a faded altar of an unknown god.
  1909 | D:3      | Found a burning altar of Makhleb.
  1931 | D:3      | Reached skill level 5 in Fighting
  2454 | D:4      | Reached XP level 6. HP: 32/56 MP: 5/5
  2470 | D:4      | Noticed Robin
  2481 | D:4      | Killed Robin
  2481 | D:4      | Reached *** piety under Trog
  2552 | D:4      | Found a broken altar of Ashenzari.
  2749 | D:4      | Found Zin's Purification Station.
  2756 | D:4      | Found a glowing silver altar of Zin.
  2839 | D:4      | Noticed Menkaure
  2839 | D:4      | Noticed Natasha
  2845 | D:4      | Killed Natasha
  2846 | D:4      | Slain by Menkaure

Illustrated notes

Levels and vault maps discovered:
D:1:      minmay_arrival_glassed_features, layout_basic
D:2:      layout_loops_ring, chequers_serial_rivers_room_b
D:3:      layout_rooms, demons_altar, ebering_ecumenical_altar_hall,
          st_stairs_14
D:4:      layout_loops_ring, zin_purify, portal_sewer_entry_b, serial_shops,
          kennysheep_mini_moat, kennysheep_diamond, kennysheep_small_square,
          uniq_menkaure, uniq_natasha, uniq_robin

Skill      XL: |  1  2  3  4  5 |
---------------+----------------+-----
Fighting       | 4 5 |  5.9
Axes           | 4 5 |  5.7
Armour         | 3 4 |  4.8
Dodging        | |  2.8

Action                   |  1- 3 |  4- 6 || total
-------------------------+-------+-------++-------
Melee: Hand axe          |    62 |    94 ||   156
       Headbutt          |     7 |    10 ||    17
Invok: Berserk           |     1 |     1 ||     2
       Trog's Hand       |       |     1 ||     1
  Use: Scroll            |     3 |     3 ||     6
       Potion            |     1 |     1 ||     2
Armor: Ring mail         |    13 |       ||    13
       Chain mail        |    18 |    39 ||    57
Dodge: Dodged            |    41 |    34 ||    75

Table legend: (Time is in decaauts)
 A = Elapsed time spent in this place.
 B = Non-inter-level travel time spent in this place.
 C = Inter-level travel time spent in this place.
 D = Time resting spent in this place.
 E = Time spent auto-exploring this place.
 F = Levels seen in this place.
 G = Mean time per level.
                   A        B        C        D        E       F      G
               +--------+--------+--------+--------+--------+-----+--------+
         Total |   2863 |   2823 |     40 |    213 |   1968 |   4 |  715.8 |
       Dungeon |   2863 |   2823 |     40 |    213 |   1968 |   4 |  715.8 |
               +--------+--------+--------+--------+--------+-----+--------+

Top non-repeatable levels by time:
     D:3: 943 daAuts
     D:1: 795 daAuts
     D:2: 668 daAuts
     D:4: 457 daAuts
